Map: Lightshade LE

Players

INnoVation - Winner!

  • Race: Terran Terran
  • League: Grandmaster
  • Spawn Location: 5:00

Bunny

  • Race: Terran Terran
  • Spawn Location: 11:00

VOD

Have the link to the VOD?

Description

Time

  • Played on: Jan. 14, 2021, 10:33 a.m.
  • Length: 19:29
Show
View Real Time Build Order
Export as new Build Order

INnoVation Terran - Winner!

Build Orders:  

Get SALT Encoding   

  12  0:00  SCV  
  13  0:12  SCV  
  14  0:16  Supply Depot  
  14  0:24  SCV  
  15  0:38  SCV  
  15  0:40  Barracks  
  16  0:43  Refinery  
  16  0:50  SCV  
  16  0:53  Refinery  
  17  1:02  SCV  
  18  1:14  SCV  
  19  1:27  Orbital Command, Reaper  
  19  1:30  Supply Depot  
  20  1:41  Factory  
  20  1:53  SCV  
  21  1:59  Barracks Reactor  
  21  2:05  SCV  
  22  2:17  SCV  
  22  2:22  Command Center  
  23  2:27  Factory Tech Lab  
  23  2:29  SCV  
  24  2:35  Starport  
  24  2:41  SCV  
  25  2:44  Marine  
  25  2:47  Supply Depot  
  26  2:53  SCV  
  26  2:57  Siege Tank  
  30  3:01  Marine  
  31  3:09  SCV, Marine  
  31  3:12  Medivac  
  35  3:18  Refinery  
  35  3:20  Marine  
  35  3:22  SCV  
  35  3:27  Marine  
  41  3:35  Orbital Command  
  41  3:36  SCV  
  41  3:39  Marine  
  40  3:45  Siege Tank  
  40  3:46  Marine  
  44  3:50  SCV  
  44  3:51  Starport Tech Lab  
  45  3:55  Supply Depot  
  45  4:01  Marine  
  46  4:03  Marine  
  46  4:07  SCV x2  
  49  4:18  Siege Tank  
  49  4:19  SCV x2  
  49  4:20  Marine  
  54  4:26  Raven  
  54  4:28  Marine  
  56  4:31  SCV  
  56  4:38  Marine  
  54  4:40  SCV  
  54  4:43  SCV  
  48  4:45  Marine  
  48  4:50  Siege Tank  
  47  4:53  SCV  
  47  4:55  SCV  
  47  4:58  Marine  
  41  5:03  Marine  
  41  5:05  SCV  
  42  5:09  Raven  
  42  5:10  SCV  
  44  5:17  SCV  
  45  5:23  Siege Tank  
  45  5:24  Marine x2  
  50  5:29  SCV  
  50  5:30  SCV  
  52  5:41  Supply Depot, Marine  
  52  5:42  SCV x2, Marine  
  54  5:54  SCV x2  
  51  6:06  Viking x2  
  51  6:07  SCV  
  51  6:08  SCV  
  57  6:12  Siege Tank  
  57  6:13  Marine  
  61  6:20  SCV x2  
  61  6:22  Supply Depot  
  63  6:30  Marine  
  61  6:33  SCV x2  
  61  6:35  Viking  
  61  6:36  Viking  
  67  6:44  Siege Tank  
  67  6:45  SCV  
  63  6:59  SCV x2  
  65  7:05  Viking  
  65  7:06  Viking  
  69  7:09  Marine  
  70  7:24  Siege Tank  
  70  7:26  Marine  
  74  7:32  Supply Depot  
  74  7:35  Viking  
  76  7:40  Viking  
  78  7:53  Marine  
  79  8:03  Siege Tank  
  76  8:10  Viking  
  69  8:13  Marine  
  69  8:14  Viking  
  69  8:15  SCV x2  
  69  8:18  Refinery  
  74  8:27  SCV x2  
  76  8:40  Viking  
  78  8:44  Viking  
  60  8:58  Marine  
  60  9:00  SCV  
  60  9:01  SCV  
  60  9:02  Siege Tank  
  48  9:09  Stimpack  
  48  9:12  SCV  
  48  9:13  SCV, Viking  
  52  9:24  Marine  
  55  9:26  SCV x2  
  58  9:32  Viking  
  58  9:34  Siege Tank  
  58  9:38  SCV x2  
  61  9:42  Marine  
  61  9:43  Viking  
  65  9:50  SCV x2  
  67  9:58  Command Center  
  67  10:01  Marine  
  67  10:02  Viking  
  67  10:07  Siege Tank  
  72  10:09  SCV x2  
  74  10:14  Viking  
  74  10:15  Supply Depot  
  74  10:18  Marine  
  77  10:21  SCV x2  
  79  10:32  Viking  
  80  10:37  Barracks x2  
  80  10:40  Siege Tank  
  80  10:42  SCV x2  
  78  10:45  Liberator  
  78  10:50  Refinery, Marine  
  78  10:54  SCV x2  
  80  11:02  Liberator  
  78  11:05  Supply Depot  
  78  11:06  SCV x2  
  78  11:08  Marine  
  78  11:14  Siege Tank  
  81  11:18  SCV x2  
  81  11:23  Combat Shield  
  82  11:25  Marine  
  82  11:28  Marine x2  
  82  11:30  SCV x2  
  83  11:35  Liberator  
  84  11:43  Marine  
  84  11:44  SCV x2  
  84  11:45  Marine x2  
  84  11:46  Siege Tank  
  92  11:59  Liberator  
  92  12:00  Supply Depot  
  95  12:01  Marine  
  95  12:03  Marine x2  
  98  12:18  Supply Depot  
  98  12:19  Marine  
  98  12:21  Marine x2  
  101  12:25  Siege Tank  
  104  12:37  Marine  
  92  12:39  Marine x2  
  92  12:41  Liberator  
  77  12:59  Liberator  
  49  14:14  Orbital Command  
  41  14:40  SCV  
  42  14:52  SCV  
  43  15:04  SCV  
  44  15:12  Supply Depot x2  
  44  15:16  SCV  
  45  15:29  Supply Depot  
  45  15:34  SCV  
  46  15:35  Supply Depot  
  46  15:36  Supply Depot  
  46  15:39  Marine  
  47  15:43  Marine  
  45  15:50  SCV  
  46  15:57  Marine  
  46  16:01  Marine  
  48  16:05  SCV  
Show
View Real Time Build Order
Export as new Build Order

Bunny Terran 

Build Orders: Gas First Reaper Expand, Hellion Opening 

Get SALT Encoding   

  12  0:00  SCV  
  13  0:12  SCV  
  14  0:17  Supply Depot  
  14  0:24  SCV  
  14  0:27  Refinery  
  15  0:38  SCV  
  16  0:43  Barracks  
  16  0:50  SCV  
  17  1:03  SCV  
  18  1:15  SCV  
  19  1:30  Orbital Command, Reaper  
  20  1:40  Command Center  
  20  1:51  Factory  
  20  1:56  SCV  
  21  2:02  Supply Depot  
  21  2:05  Barracks Reactor  
  21  2:08  SCV  
  22  2:12  Refinery  
  22  2:20  SCV  
  23  2:32  SCV  
  26  2:44  Hellion, SCV  
  26  2:45  Hellion  
  26  2:47  Barracks Tech Lab  
  29  2:52  Orbital Command  
  29  2:54  Starport  
  29  2:56  SCV  
  32  3:07  Marauder, Hellion  
  32  3:11  Hellion  
  36  3:14  SCV  
  36  3:16  Concussive Shells  
  37  3:21  SCV  
  38  3:28  Marauder, Hellion  
  38  3:32  Hellion  
  44  3:35  Medivac  
  44  3:40  Supply Depot  
  46  3:57  Refinery  
  46  3:59  Supply Depot  
  46  4:01  SCV x2  
  48  4:06  Cyclone  
  48  4:07  Viking  
  48  4:08  Marine  
  54  4:20  SCV x2, Marine  
  57  4:26  Marine  
  56  4:32  SCV x2  
  56  4:38  Marine  
  55  4:44  SCV x2  
  54  4:51  Starport Tech Lab  
  52  4:57  SCV x2  
  49  5:03  Marine x2  
  49  5:05  Siege Tank  
  48  5:09  SCV x2  
  48  5:10  Raven  
  52  5:21  SCV x2, Marine x2  
  56  5:33  SCV x2  
  58  5:39  Siege Tank  
  59  5:45  Command Center, SCV x2  
  62  5:52  Supply Depot x2  
  61  5:59  SCV  
  61  6:00  SCV  
  62  6:05  Supply Depot, Refinery  
  61  6:13  Siege Tank  
  64  6:18  Viking x2  
  64  6:19  Barracks, Stimpack  
  64  6:21  Marine  
  64  6:22  Barracks  
  69  6:33  Bunker  
  69  6:38  Marine  
  68  6:40  SCV x2  
  68  6:46  Starport  
  68  6:48  Viking x2  
  68  6:51  Siege Tank  
  69  6:56  Marine  
  69  6:57  Orbital Command  
  62  7:13  Marine x2  
  62  7:14  Marine  
  65  7:18  Liberator, Viking  
  65  7:19  Orbital Command  
  70  7:23  Siege Tank, Viking  
  74  7:31  SCV x2  
  76  7:42  Supply Depot x2  
  76  7:48  Viking  
  73  7:53  Viking  
  73  7:55  Siege Tank  
  78  8:01  Viking  
  78  8:04  Marine  
  68  8:13  Marine x2  
  68  8:18  Viking  
  72  8:22  Marine  
  72  8:23  Viking  
  75  8:31  Marine, Viking  
  75  8:32  Marine  
  79  8:48  Viking  
  78  8:51  Marine  
  78  8:53  Viking  
  78  8:55  Orbital Command  
  56  8:56  SCV  
  56  9:02  Siege Tank, Marine  
  52  9:08  Marine  
  54  9:11  SCV  
  55  9:21  SCV  
  55  9:23  SCV  
  57  9:26  Viking  
  59  9:34  SCV  
  59  9:35  SCV  
  61  9:39  Siege Tank  
  64  9:45  Marine  
  64  9:46  Marine  
  64  9:47  Marine  
  64  9:51  Combat Shield  
  67  9:56  SCV  
  67  9:57  SCV  
  69  10:04  Marine x2  
  69  10:05  Marine  
  71  10:07  Medivac  
  71  10:10  SCV x2  
  75  10:16  Siege Tank  
  78  10:22  Marine x2  
  78  10:24  Supply Depot  
  80  10:30  SCV x2  
  81  10:42  Marine x2  
  79  10:43  Marine  
  79  10:47  Medivac x2  
  79  10:48  Siege Tank  
  89  10:51  Supply Depot  
  89  10:55  Medivac  
  87  11:01  SCV x2  
  87  11:03  Marine x2  
  83  11:11  Marine  
  83  11:14  Supply Depot  
  84  11:20  Siege Tank  
  84  11:27  Barracks Reactor x2  
  84  11:29  Marine  
  81  11:44  Command Center  
  81  11:47  Engineering Bay, Marine  
  80  11:55  Siege Tank  
  80  11:56  Medivac  
  80  11:59  Medivac  
  87  12:07  Marine x2  
  87  12:08  Marine x3  
  91  12:24  Missile Turret x2  
  91  12:25  Marine x3  
  91  12:26  Marine x2  
  91  12:27  Siege Tank  
  96  12:40  Supply Depot  
  96  12:42  Supply Depot  
  96  12:43  Marine x5  
  97  12:57  Missile Turret  
  96  13:04  Supply Depot  
  93  13:14  Marine  
  31  15:11  Orbital Command  
  31  15:12  Orbital Command  
  31  15:23  Widow Mine  
  33  15:33  Marine x3  
  36  15:55  Factory Tech Lab  
  36  15:56  Orbital Command, SCV  
  35  16:41  Marine x3  
  35  16:46  Orbital Command  
  37  16:58  Orbital Command  
  37  16:59  Marine x2  
  39  17:17  Barracks  
  38  17:25  SCV  
  39  17:37  SCV  
  39  17:43  Marine x3  
  43  17:49  SCV  
  44  17:56  Starport  
  44  18:01  SCV, Marine x2  
  47  18:06  Barracks Reactor  
  47  18:14  SCV  
  48  18:25  Marine x2  
  41  18:33  Command Center  
Tags
 
Add a new tag
Caveats
  • Supply blocks, unpowered buildings, or Contaminate may cause inaccurate times.
  • Supply counts are checked every 10 seconds.